 Dungeon Crawl Stone Soup version 0.26.1-11-gd32895ea62 (webtiles) character file.

Game seed: 15364181315853609248

508 nothank2 the Shield-Bearer (level 7, -3/55 HPs)
             Began as a Formicid Fighter on July 14, 2021.
             Killed by divine providence
             ... invoked by an orc priest
              (13 damage)
             ... on level 4 of the Dungeon.
             The game lasted 00:05:59 (3328 turns).

nothank2 the Shield-Bearer (Formicid Fighter)       Turns: 3328, Time: 00:06:00

Health: -3/55      AC:  7    Str: 23    XL:     7   Next: 42%
Magic:  7/7        EV:  6    Int:  7    God:
Gold:   208        SH: 15    Dex: 10    Spells: 6/6 levels left

rFire    + . .     SeeInvis +   a - +0 long sword
rCold    + . .     Faith    .   r - +0 tower shield
rNeg     . . .     Spirit   .   b - +0 scale mail
rPois    .         Reflect  .   (helmet unavailable)
rElec    .         Harm     .   u - scarf {rC+ rF+}
rCorr    .         Rampage  .   (no gloves)
Will     .....                  (no boots)
Stlth    ..........             (no amulet)
HPRegen  0.18/turn              (no ring)
MPRegen  0.10/turn              (no ring)

@: no status effects
A: permanent stasis, dig shafts and tunnels, four strong arms, antennae 3
a: Dig, Shaft Self


You were on level 4 of the Dungeon.
You visited 1 branch of the dungeon, and saw 4 of its levels.

You collected 208 gold pieces.

Inventory:

Hand Weapons
 a - a +0 long sword (weapon)
Missiles
 k - 2 boomerangs (quivered)
Armour
 b - a +0 scale mail (worn)
 c - a +0 kite shield
 r - a +0 tower shield (worn)
 u - a scarf of resistance (worn)
Jewellery
 t - an uncursed amulet of the acrobat {unknown}
Scrolls
 f - a scroll of noise {unknown}
 h - 6 scrolls of identify {unknown}
 i - 4 scrolls of enchant weapon {unknown}
 m - a scroll of teleportation {unknown}
 q - a scroll of fear {unknown}
 s - a scroll of fog {unknown}
Potions
 d - a potion of might
 e - a potion of resistance {unknown}
 g - a potion of cancellation {unknown}
 j - a potion of flight {unknown}
 l - a potion of attraction {unknown}
 n - 2 potions of lignification {unknown}
 o - a potion of curing {unknown}
 p - a potion of brilliance {unknown}
 v - a potion of invisibility {unknown}


   Skills:
 + Level 4.8 Fighting
 * Level 5.0 Long Blades
 + Level 4.9 Armour
 + Level 5.3 Shields


You had 6 spell levels left.
You didn't know any spells.
Your spell library was empty.

Dungeon Overview and Level Annotations

Branches:
Dungeon (4/15)
 Temple: D:4-7

Altars:
Cheibriados
Fedhas
Qazlal
Trog


Innate Abilities, Weirdness & Mutations

You cannot be hasted, slowed, berserked, paralysed or teleported.
You can dig through walls and to a lower floor.
Your four strong arms can wield two-handed weapons with a shield.
You have a pair of large antennae on your head. (SInv)


Message History

You block the orc wizard's attack.
Your scale mail prevents you from hitting the orc priest.
The orc priest is severely wounded.
The orc priest hits you.
* * * LOW HITPOINT WARNING * * *
You block the orc wizard's attack. The orc hits you with a +0 club.
* * * LOW HITPOINT WARNING * * *
The orc priest hits you.
* * * LOW HITPOINT WARNING * * *
You barely miss the orc priest.
The orc priest is severely wounded.
You block the orc wizard's attack. You block the orc priest's attack.
The orc hits you with a +0 club.
* * * LOW HITPOINT WARNING * * *
You barely miss the orc priest.
The orc priest is severely wounded.
You block the orc wizard's attack.
The orc priest mumbles some strange prayers to Beogh against you.
Beogh smites you!
You die...

### #<#
.### ##.#
....# #..#
.....##.##
......#.#
........#
......o@#
.......oo.#
......#.###
.....##.#
$.... ...
..... #.#
.... #.#
... ..#


You could see an orc priest, an orc wizard and an orc.

Vanquished Creatures
  Grinder (D:3)
  Sigmund (D:3)
  An orc wizard (D:3)
  3 adders
  An ooze (D:1)
  3 worms
  4 dart slugs
  A leopard gecko (D:3)
  3 orcs (D:3)
  4 giant cockroaches
  10 goblins
  9 hobgoblins
  6 kobolds
  2 quokkas
  11 bats
  3 frilled lizards
  9 rats
72 creatures vanquished.

Vanquished Creatures (others)
  A plant (D:2)
1 creature vanquished.

Grand Total: 73 creatures vanquished

Notes
Turn   | Place    | Note
-------+----------+-------------------------------------------
     0 | D:1      | nothank2 the Formicid Fighter began the quest for the Orb.
     0 | D:1      | Reached XP level 1. HP: 18/18 MP: 1/1
    87 | D:1      | Reached XP level 2. HP: 18/24 MP: 2/2
   424 | D:1      | Reached XP level 3. HP: 22/29 MP: 3/3
  1052 | D:2      | Found a blossoming altar of Fedhas.
  1132 | D:2      | Reached XP level 4. HP: 37/37 MP: 4/4
  1181 | D:2      | Found a snail-covered altar of Cheibriados.
  1607 | D:2      | Noticed a moth of wrath
  1609 | D:2      | Found a bloodstained altar of Trog.
  2154 | D:3      | Noticed Grinder
  2194 | D:3      | Killed Grinder
  2195 | D:3      | Reached XP level 5. HP: 14/43 MP: 5/5
  2195 | D:3      | Reached XP level 6. HP: 16/49 MP: 6/6
  2605 | D:3      | Noticed Sigmund
  2612 | D:3      | Killed Sigmund
  2613 | D:3      | Reached skill level 5 in Shields
  2613 | D:3      | Reached XP level 7. HP: 40/55 MP: 7/7
  2783 | D:3      | Found a stormy altar of Qazlal.
  2982 | D:3      | Reached skill level 5 in Long Blades
  3328 | D:4      | Killed from afar by an orc priest

Illustrated notes

Levels and vault maps discovered:
D:1:      psy_arrival_heroes, layout_basic
D:2:      layout_loops_ring, fedhas_ov_isle_minmay, tgw_trog,
          kennysheep_slug_shrine
D:3:      layout_loops_cross, lemuel_coloured_pillars_altar, uniq_grinder,
          uniq_sigmund
D:4:      layout_rooms, gammafunk_temple_overflow_pools,
          nicolae_dithmenos_the_darkroom, serial_shops, shop, uniq_eustachio,
          uniq_pikel, uniq_natasha

Skill      XL: |  1  2  3  4  5  6  7 |
---------------+----------------------+-----
Shields        | 4 5 |  5.3
Long Blades    | 3 4 5 |  5.0
Armour         | 4 |  4.9
Fighting       | 4 |  4.8

Action                   |  1- 3 |  4- 6 |  7- 9 || total
-------------------------+-------+-------+-------++-------
Melee: Long sword        |   112 |   100 |    68 ||   280
Armor: Scale mail        |    39 |    26 |    13 ||    78
Dodge: Dodged            |    47 |    28 |     7 ||    82
Block: Kite shield       |    60 |    25 |       ||    85
       Tower shield      |       |    39 |    48 ||    87
       Rpst.: Long sword |    16 |     9 |     1 ||    26
